Map: Nightshade LE

Players

rorschach - Winner!

  • Race: Terran Terran
  • League: Silver
  • Spawn Location: 11:00

Prestor

  • Race: Zerg Zerg
  • League: Gold
  • Spawn Location: 5:00

VOD

Have the link to the VOD?

Description

Time

  • Played on: June 8, 2020, 2:45 a.m.
  • Length: 4:12
Show
View Real Time Build Order
Export as new Build Order

rorschach Terran - Winner!

Build Orders:  

Get SALT Encoding   

  12  0:00  SCV  
  13  0:17  Supply Depot  
  13  0:30  SCV  
  14  0:39  Barracks  
  14  0:42  SCV  
  15  1:06  Barracks  
  15  1:10  Barracks  
  15  1:18  Barracks  
  15  1:31  Supply Depot  
  15  1:40  Orbital Command  
  15  1:55  Marine  
  15  1:56  Marine  
  15  1:57  Marine  
  18  2:05  Marine  
  19  2:09  SCV  
  20  2:17  Marine  
  20  2:19  Supply Depot  
  21  2:26  Marine x2  
  23  2:31  Marine  
  23  2:36  Marine  
  25  2:43  Marine  
  26  2:49  Marine x2  
  28  2:54  Marine  
  26  3:00  SCV  
  27  3:06  Marine  
  27  3:07  Marine  
  27  3:09  Marine  
  27  3:12  Marine  
  31  3:23  Marine  
  31  3:24  Marine  
  33  3:27  Marine  
  33  3:30  Marine  
  33  3:41  Marine  
  33  3:42  Marine  
  33  3:45  Marine  
  33  3:47  Marine  
Show
View Real Time Build Order
Export as new Build Order

Prestor Zerg 

Build Orders: Hatch First 

Get SALT Encoding   

  12  0:01  Drone  
  13  0:08  Drone  
  14  0:19  Overlord  
  14  0:39  Drone x2  
  16  1:02  Hatchery  
  15  1:04  Drone x2  
  17  1:24  Spawning Pool  
  16  1:31  Drone  
  16  1:32  Drone x2  
  19  1:34  Extractor  
  18  2:00  Hatchery  
  17  2:07  Drone x3  
  20  2:11  Queen  
  22  2:19  Overlord  
  22  2:44  Hatchery  
  21  2:47  Zergling x6  
  22  3:14  Extractor  
  21  3:20  Zergling x6  
  21  3:21  Zergling x4  
  24  3:28  Zergling x2  
  24  3:30  Queen  
Tags
 
Matchup
TvZ
Spawn Locations
Cross Positions
Add a new tag
Caveats
  • Supply blocks, unpowered buildings, or Contaminate may cause inaccurate times.
  • Supply counts are checked every 10 seconds.